General information
			
			
        
        - name: BNet
 
        - type: Ladder team game (AT/RT)
 
        - host: Battle.net
 
        - saver: Rezifut
 
        
map: BloodstoneMesa 
        - players: 6
 
        - length: 07:43
 
        - speed: Fast
 - version: 1.22 W3XP
 - replay type:  Public
 
» download(45 KB)
Players
        team 1 (loser) 
              
              
abimelech11210 (
green | 28 APM | 191 actions | 06:51)
              
 1 Far Seer 
 1 Feral Spirit
 
                » actions 
                
                | Assign group hotkey | 1 |  | 
| Build / train | 16 |  | 
| Enter build submenu | 7 |  | 
| Enter hero's abilities submenu | 1 |  | 
| Right click | 75 |  | 
| Select / deselect | 67 |  | 
| Select group hotkey | 12 |  | 
| Use ability | 12 |  | 
                191 total
 » units 
                
                | Peon | 3 |  | 
| Grunt | 5 |  | 
| Troll Headhunter/Berserker | 3 |  | 
                11 total
 » upgrades
                » buildings
                
                | Altar of Storms | 1 |  | 
| Orc Burrow | 2 |  | 
| Barracks | 1 |  | 
| War Mill | 1 |  | 
| Stronghold | 1 |  | 
                6 total
 » build order
                00:15 Altar of Storms
00:31 Orc Burrow
01:36 Barracks
01:58 War Mill
04:45 Orc Burrow
05:36 Stronghold
 
               
              
              
jb2ba1224 (
purple | 29 APM | 223 actions | 07:41)
              
 1 Crypt Lord 
 1 Impale
 
                » actions 
                
                | Build / train | 20 |  | 
| Enter build submenu | 7 |  | 
| Enter hero's abilities submenu | 2 |  | 
| Right click | 106 |  | 
| Select / deselect | 82 |  | 
| Use ability | 6 |  | 
                223 total
 » units 
                » buildings
                
                | Altar of Darkness | 1 |  | 
| Ziggurat | 3 |  | 
| Nerubian Tower | 2 |  | 
                6 total
 » build order
                00:09 Altar of Darkness
00:28 Ziggurat
01:09 Ziggurat
01:49 Ziggurat
02:03 Nerubian Tower
03:40 Nerubian Tower
 
               
              
              
» 
puma88 (
orange | 61 APM | 439 actions | 07:09)
              
 1 Archmage 
 1 Summon Water Elemental
 
                » actions 
                
                | Assign group hotkey | 5 |  | 
| Basic commands | 1 |  | 
| Build / train | 19 |  | 
| Enter build submenu | 16 |  | 
| Enter hero's abilities submenu | 1 |  | 
| Right click | 186 |  | 
| Select / deselect | 115 |  | 
| Select group hotkey | 81 |  | 
| Use ability | 15 |  | 
                439 total
 » units 
                » buildings
                
                | Farm | 7 |  | 
| Altar of Kings | 1 |  | 
| Barracks | 2 |  | 
| Scout Tower | 1 |  | 
| Blacksmith | 1 |  | 
| Lumber Mill | 1 |  | 
                13 total
 » build order
                00:08 Farm
00:15 Altar of Kings
01:51 Barracks
02:26 Scout Tower
02:33 Farm
02:44 Blacksmith
03:04 Barracks
03:49 Lumber Mill
04:43 Farm
04:49 Farm
04:54 Farm
05:14 Farm
06:47 Farm
 
               team 2 (winner) 
              
              
dumbnerdfag (
red | 99 APM | 763 actions | 07:42)
              
 2 Demon Hunter 
 1 Mana Burn
 1 Evasion
 
                » actions 
                
                | Assign group hotkey | 11 |  | 
| Basic commands | 12 |  | 
| Build / train | 24 |  | 
| ESC pressed | 2 |  | 
| Enter build submenu | 11 |  | 
| Enter hero's abilities submenu | 2 |  | 
| Right click | 466 |  | 
| Select / deselect | 127 |  | 
| Select group hotkey | 80 |  | 
| Use ability | 28 |  | 
                763 total
 » units 
                » buildings
                
                | Altar of Elders | 1 |  | 
| Moon Well | 8 |  | 
| Ancient of War | 1 |  | 
| Hunter's Hall | 1 |  | 
| Tree of Ages | 1 |  | 
| Tree of Eternity | 1 |  | 
| Tree of Life | 1 |  | 
                14 total
 » build order
                00:06 Altar of Elders
00:14 Moon Well
00:33 Ancient of War
01:34 Moon Well
01:37 Moon Well
02:19 Moon Well
02:21 Moon Well
03:01 Hunter's Hall
04:13 Moon Well
04:18 Tree of Ages
05:05 Moon Well
05:11 Moon Well
06:51 Tree of Eternity
07:30 Tree of Life
 
               
              
              
KINgGOKUMaN69 (
pink | 67 APM | 520 actions | 07:42)
              
 1 Pandaren Brewmaster 
 1 Breath of Fire
 
                » actions 
                
                | Build / train | 24 |  | 
| Enter build submenu | 18 |  | 
| Enter hero's abilities submenu | 1 |  | 
| Right click | 297 |  | 
| Select / deselect | 160 |  | 
| Use ability | 20 |  | 
                520 total
 » units 
                » buildings
                
                | Lumber Mill | 1 |  | 
| Scout Tower | 12 |  | 
| Arcane Tower | 1 |  | 
| Guard Tower | 5 |  | 
| Altar of Kings | 1 |  | 
| Farm | 1 |  | 
                21 total
 » build order
                00:24 Lumber Mill
00:52 Scout Tower
01:04 Arcane Tower
01:09 Scout Tower
01:35 Guard Tower
01:50 Scout Tower
01:53 Scout Tower
01:56 Scout Tower
02:14 Scout Tower
02:24 Guard Tower
02:56 Guard Tower
03:11 Scout Tower
04:33 Altar of Kings
05:30 Scout Tower
05:35 Farm
05:41 Scout Tower
06:14 Guard Tower
06:16 Scout Tower
06:17 Scout Tower
06:52 Guard Tower
07:06 Scout Tower
 
               
              
              
Rezifut (
teal | 81 APM | 628 actions | 07:43)
              
 3 Blademaster 
 2 Wind Walk
 1 Critical Strike
 
                » actions 
                
                | Assign group hotkey | 10 |  | 
| Build / train | 20 |  | 
| Enter build submenu | 9 |  | 
| Enter hero's abilities submenu | 3 |  | 
| Right click | 453 |  | 
| Select / deselect | 73 |  | 
| Select group hotkey | 32 |  | 
| Use ability | 28 |  | 
                628 total
 » units 
                » buildings
                
                | Altar of Storms | 1 |  | 
| Orc Burrow | 1 |  | 
| War Mill | 1 |  | 
| Voodoo Lounge | 1 |  | 
| Stronghold | 1 |  | 
| Watch Tower | 3 |  | 
| Beastiary | 2 |  | 
| Fortress | 1 |  | 
                11 total
 » build order
                00:03 Altar of Storms
00:14 Orc Burrow
00:48 War Mill
01:35 Voodoo Lounge
04:15 Stronghold
05:09 Watch Tower
05:10 Watch Tower
05:14 Watch Tower
06:49 Beastiary
06:50 Beastiary
06:51 Fortress
» items
                
                | Healing Salve | 1 |  | 
| Lesser Clarity Potion | 2 |  | 
| Scroll of Speed | 1 |  | 
                4 total
  
                Chat log
          
(05:51 / All) KINgGOKUMaN69: gg guys
(07:28 / All) jb2ba1224: that was the lamest thing ever
(07:36 / All) dumbnerdfag: in the history of the world
(07:37 / All) KINgGOKUMaN69: Why?